 Dungeon Crawl Stone Soup version 0.22.1-1-ga44c0e5 (webtiles) character file.

2426 sbiou the Magician (level 9, -4/69 HPs)
             Began as a Gnoll Skald on Oct 4, 2018.
             Was a Believer of Yredelemnul.
             Slain by a crocodile (9 damage)
             ... on level 8 of the Dungeon.
             The game lasted 00:22:42 (5745 turns).

sbiou the Magician (Gnoll Skald)                    Turns: 5745, Time: 00:22:44

Health: -4/69      AC:  7    Str: 17    XL:     9   Next: 48%
Magic:  18/18      EV:  2    Int: 21    God:    Yredelemnul [**....]
Gold:   516        SH:  0    Dex: 19    Spells: 20/21 levels left

rFire    + . .     SeeInvis .   v - +1 trident (protect)
rCold    . . .     Gourm    .   n - +0 shield
rNeg     + + +     Faith    .   E - +3 leather armour {rN+}
rPois    ∞         Spirit   .   (no helmet)
rElec    .         Reflect  .   (no cloak)
rCorr    .         Harm     .   y - +0 pair of gloves
MR       .....                  (no boots)
Stlth    ++++......             s - amulet of regeneration
HPRegen  0.61/turn              C - ring of protection from fire
MPRegen  0.16/turn              (no ring)

@: brilliant, agile, petrified, very slightly contaminated
A: distributed training, fangs 1, strong nose
a: Animate Remains, Recall Undead Slaves, Injury Mirror, Renounce Religion


You were on level 8 of the Dungeon.
You worshipped Yredelemnul.
Yredelemnul was pleased with you.
You were very hungry.

You visited 1 branch of the dungeon, and saw 8 of its levels.

You collected 516 gold pieces.

Inventory:

Hand Weapons
 v - a +1 trident of protection (weapon)
Missiles
 h - 4 tomahawks
 i - 59 bolts
 l - 186 stones (quivered)
 m - 15 poisoned needles
Armour
 n - a +0 shield (worn)
 y - a +0 pair of gloves (worn)
 E - a +3 leather armour of positive energy (worn)
Jewellery
 s - an amulet of regeneration (around neck)
 A - an uncursed amulet of the acrobat {unknown}
 C - a ring of protection from fire (left hand)
Wands
 a - a wand of digging (10)
 x - a wand of paralysis (18)
 D - a wand of flame (20)
Scrolls
 b - a scroll of random uselessness {unknown}
 e - a scroll of remove curse
 f - a scroll of magic mapping {unknown}
 j - 10 scrolls of identify {unknown}
 k - a scroll of fog {unknown}
 o - 2 scrolls of amnesia {unknown}
 q - a scroll of fear {unknown}
 r - a scroll of enchant weapon {unknown}
 t - a scroll of blinking {unknown}
 z - 3 scrolls of teleportation {unknown}
Potions
 p - a potion of haste
 F - 2 potions of magic
Comestibles
 d - 4 rations


   Skills:
 + Level 6.3 Fighting
 + Level 4.2 Short Blades
 + Level 4.2 Long Blades
 + Level 4.2 Axes
 + Level 4.2 Maces & Flails
 + Level 6.3 Polearms
 + Level 4.2 Staves
 + Level 4.2 Slings
 + Level 4.2 Bows
 + Level 4.2 Crossbows
 + Level 4.2 Throwing
 + Level 5.0 Armour
 + Level 6.3 Dodging
 + Level 4.2 Stealth
 + Level 4.2 Shields
 + Level 4.2 Unarmed Combat
 + Level 6.6 Spellcasting
 + Level 3.4 Conjurations
 + Level 3.4 Hexes
 + Level 6.5 Charms
 + Level 3.4 Summonings
 + Level 3.4 Necromancy
 + Level 3.4 Translocations
 + Level 3.4 Transmutations
 + Level 3.4 Fire Magic
 + Level 3.4 Ice Magic
 + Level 3.4 Air Magic
 + Level 3.4 Earth Magic
 + Level 3.4 Poison Magic
 + Level 4.6 Invocations
 + Level 4.2 Evocations


You had 20 spell levels left.
You knew the following spells:

 Your Spells              Type           Power        Failure   Level  Hunger
a - Infusion              Chrm           ####         1%          1    None

Your spell library contained the following spells:

 Spells                   Type           Power        Failure   Level  Hunger
 Shroud of Golubria       Chrm/Tloc      #####.....   1%          2    None
 Song of Slaying          Chrm           #####...     1%          2    None
 Regeneration             Chrm/Necr      #####.....   2%          3    #......
 Spectral Weapon          Hex/Chrm       #####...     2%          3    #......


Dungeon Overview and Level Annotations

Branches:
Dungeon (8/15)             Temple (0/1) D:4
   Lair: D:8-11

Altars:
Fedhas
Hepliaklqana
Kikubaaqudgha
Makhleb
Nemelex Xobeh
Ru
Trog
Vehumet
Yredelemnul
Zin
The Shining One

Shops:
D:4 [   D:7 ?*


Innate Abilities, Weirdness & Mutations

Your experience applies equally to all skills.
You have very sharp teeth.
Your uncanny sense of smell can sniff out nearby items.


Message History

The basilisk gazes at you. The yak gores you.
* * * LOW HITPOINT WARNING * * *
The hippogriff bites you.
* * * LOW HITPOINT WARNING * * *
The hippogriff pecks you but does no damage.
The hippogriff claws you.
* * * LOW HITPOINT WARNING * * *
The crocodile bites you!
* * * LOW HITPOINT WARNING * * *
The basilisk gazes at you. The yak gores you!
* * * LOW HITPOINT WARNING * * *
The hippogriff bites you but does no damage.
The hippogriff pecks you.
* * * LOW HITPOINT WARNING * * *
The hippogriff claws you but does no damage.
The crocodile bites you!!
You die...
Your body rises from the dead as a mindless zombie.

# .... #..... #$ ....#
###..... #. ....# .......<
#.. .(..# .##..##.
#..###...# .##..##. #
#......# ...#.....
#...####'### #...#.....
#.......tY.###+##..##.....
#........@.##..##..##.....
######..H.>.l......#..^...
#.............#...##.
#.....##......#...###
#.....##..†.).#....#
.......##+###..##...#
........##..##..##...#
###.............##...#
###+####........>..#


You could see a hippogriff, a yak, a basilisk and a crocodile.

Vanquished Creatures
  Prince Ribbit (D:5)
  Grinder (D:4)
  A hippogriff (D:8)
  Sigmund (D:4)
  Eustachio (D:4)
  A hungry ghost (D:7)
  Duvessa (D:7)
  2 ice beasts
  An ogre (D:5)
  A centaur (D:5)
  2 bullfrogs (D:6)
  Blork the orc (D:4)
  Dowan (D:7)
  A scorpion (D:7)
  A hound (D:6)
  3 jellies
  A gnoll shaman (D:7)
  5 iguanas
  2 orc wizards
  4 worker ants
  A hound skeleton (D:7)
  A hound zombie (D:7)
  6 gnolls
  5 adders
  2 shadow imps
  An ooze (D:2)
  An adder skeleton (D:5)
  2 worms (D:2)
  A dart slug (D:1)
  A leopard gecko (D:5)
  18 orcs
  7 bats
  4 giant cockroaches
  6 goblins
  8 hobgoblins
  4 jackals
  4 quokkas
  4 frilled lizards (D:1)
  9 kobolds
  11 rats
128 creatures vanquished.

Notes
Turn   | Place    | Note
-------+----------+-------------------------------------------
     0 | D:1      | sbiou the Gnoll Skald began the quest for the Orb.
     0 | D:1      | Reached XP level 1. HP: 20/20 MP: 6/6
   141 | D:1      | Reached XP level 2. HP: 26/26 MP: 7/7
   373 | D:1      | Reached XP level 3. HP: 6/31 MP: 9/9
   434 | D:1      | Reached skill level 5 in Spellcasting
   977 | D:2      | Reached skill level 1 in Invocations
  1249 | D:2      | Found a hazy altar of Hepliaklqana.
  1250 | D:2      | Found a glowing golden altar of the Shining One.
  1262 | D:2      | Reached skill level 1 in Short Blades
  1262 | D:2      | Reached skill level 1 in Long Blades
  1262 | D:2      | Reached skill level 1 in Axes
  1262 | D:2      | Reached skill level 1 in Maces & Flails
  1262 | D:2      | Reached skill level 1 in Staves
  1262 | D:2      | Reached skill level 1 in Slings
  1262 | D:2      | Reached skill level 1 in Bows
  1262 | D:2      | Reached skill level 1 in Crossbows
  1262 | D:2      | Reached skill level 1 in Throwing
  1262 | D:2      | Reached skill level 1 in Stealth
  1262 | D:2      | Reached skill level 1 in Shields
  1262 | D:2      | Reached skill level 1 in Unarmed Combat
  1262 | D:2      | Reached skill level 1 in Evocations
  1269 | D:2      | Found a basalt altar of Yredelemnul.
  1271 | D:2      | Found a glowing silver altar of Zin.
  1273 | D:2      | Found an ancient bone altar of Kikubaaqudgha.
  1277 | D:2      | Became a worshipper of Yredelemnul the Dark
  1323 | D:2      | Reached XP level 4. HP: 33/38 MP: 11/11
  1668 | D:2      | Found a bloodstained altar of Trog.
  1763 | D:2      | Reached skill level 1 in Conjurations
  1763 | D:2      | Reached skill level 1 in Hexes
  1763 | D:2      | Reached skill level 1 in Summonings
  1763 | D:2      | Reached skill level 1 in Necromancy
  1763 | D:2      | Reached skill level 1 in Translocations
  1763 | D:2      | Reached skill level 1 in Transmutations
  1763 | D:2      | Reached skill level 1 in Fire Magic
  1763 | D:2      | Reached skill level 1 in Ice Magic
  1763 | D:2      | Reached skill level 1 in Air Magic
  1763 | D:2      | Reached skill level 1 in Earth Magic
  1763 | D:2      | Reached skill level 1 in Poison Magic
  2660 | D:4      | Found a radiant altar of Vehumet.
  2665 | D:4      | Noticed Eustachio
  2778 | D:4      | Killed Eustachio
  2778 | D:4      | Reached XP level 5. HP: 26/43 MP: 12/12
  2778 | D:4      | Reached XP level 6. HP: 30/50 MP: 13/13
  2814 | D:4      | Found a sparkling altar of Nemelex Xobeh.
  2815 | D:4      | Found a burning altar of Makhleb.
  2836 | D:4      | Noticed Grinder
  2864 | D:4      | Paralysed by Grinder for 5 turns
  2874 | D:4      | Killed Grinder
  2874 | D:4      | Reached skill level 5 in Fighting
  2874 | D:4      | Reached skill level 5 in Polearms
  2874 | D:4      | Reached skill level 5 in Dodging
  2874 | D:4      | Reached XP level 7. HP: 56/56 MP: 15/15
  2930 | D:4      | Found a staircase to the Ecumenical Temple.
  2936 | D:4      | Noticed Sigmund
  2940 | D:4      | Noticed Blork the orc
  2955 | D:4      | Killed Sigmund
  2957 | D:4      | Killed Blork the orc
  2957 | D:4      | Reached * piety under Yredelemnul
  2993 | D:4      | Found Fyoskeek's Armour Shop.
  3320 | D:5      | Entered Level 5 of the Dungeon
  3324 | D:5      | Got a transparent glass ring
  3359 | D:5      | Identified the cursed ring of Elyvilon's Displeasure {rC+
                  | Str-6} (You found it on level 5 of the Dungeon)
  3470 | D:5      | Reached XP level 8. HP: 56/63 MP: 16/16
  3642 | D:5      | Noticed Prince Ribbit
  3666 | D:5      | Killed Prince Ribbit
  3754 | D:5      | Found a sacrificial altar of Ru.
  4759 | D:6      | Reached XP level 9. HP: 69/69 MP: 18/18
  4912 | D:6      | Found a blossoming altar of Fedhas.
  5130 | D:7      | Noticed Duvessa
  5130 | D:7      | Noticed Dowan
  5152 | D:7      | Killed Duvessa
  5166 | D:7      | Killed Dowan
  5244 | D:7      | Reached ** piety under Yredelemnul
  5277 | D:7      | Found Efetig's General Store.
  5423 | D:7      | Found Laru's Magic Scroll Shoppe.
  5650 | D:8      | Reached skill level 5 in Armour
  5745 | D:8      | Slain by a crocodile

Skill      XL: |  1  2  3  4  5  6  7  8  9 |
---------------+----------------------------+-----
Spellcasting   | 5 6 |  6.6
Invocations    | 1 2 3 4 |  4.6
Short Blades   | 1 2 3 4 |  4.2
Long Blades    | 1 2 3 4 |  4.2
Axes           | 1 2 3 4 |  4.2
Maces & Flails | 1 2 3 4 |  4.2
Staves         | 1 2 3 4 |  4.2
Slings         | 1 2 3 4 |  4.2
Bows           | 1 2 3 4 |  4.2
Crossbows      | 1 2 3 4 |  4.2
Throwing       | 1 2 3 4 |  4.2
Stealth        | 1 2 3 4 |  4.2
Shields        | 1 2 3 4 |  4.2
Unarmed Combat | 1 2 3 4 |  4.2
Evocations     | 1 2 3 4 |  4.2
Conjurations   | 1 2 3 |  3.4
Hexes          | 1 2 3 |  3.4
Summonings     | 1 2 3 |  3.4
Necromancy     | 1 2 3 |  3.4
Translocations | 1 2 3 |  3.4
Transmutations | 1 2 3 |  3.4
Fire Magic     | 1 2 3 |  3.4
Ice Magic      | 1 2 3 |  3.4
Air Magic      | 1 2 3 |  3.4
Earth Magic    | 1 2 3 |  3.4
Poison Magic   | 1 2 3 |  3.4
Armour         | 3 4 5 |  5.0
Fighting       | 5 6 |  6.3
Polearms       | 5 6 |  6.3
Dodging        | 5 6 |  6.3
Charms         | 6 |  6.5

Action                   |  1- 3 |  4- 6 |  7- 9 || total
-------------------------+-------+-------+-------++-------
Melee: Spear             |   162 |    62 |       ||   224
       Bite              |    10 |    21 |    36 ||    67
       Trident           |       |   140 |   372 ||   512
Throw: Stone             |     6 |    18 |    20 ||    44
 Cast: Infusion          |       |       |     5 ||     5
  Use: Potion            |       |     2 |    11 ||    13
       Scroll            |       |       |     3 ||     3
 Stab: Sleeping          |       |     2 |     5 ||     7
       Invisible         |       |       |     3 ||     3
  Eat: Chunk             |     1 |     2 |     9 ||    12
       Ration            |       |     1 |       ||     1
Armor: Ring mail         |    33 |    14 |    32 ||    79
       Leather armour    |       |    40 |    48 ||    88
       Skin              |       |     6 |       ||     6
       Scale mail        |       |       |    56 ||    56
Dodge: Dodged            |    70 |    79 |   120 ||   269
Block: Shield            |    22 |    59 |   128 ||   209
